 Dungeon Crawl Stone Soup version 0.23-a0-516-g0f8c245 (webtiles) character file.

93 kidcy the Poker (level 4, -3/55 HPs)
             Began as a Merfolk Berserker on Dec 5, 2018.
             Was a Believer of Trog.
             Slain by a gnoll
             ... wielding a +0 halberd
              (8 damage)
             ... on level 3 of the Dungeon.
             The game lasted 00:03:10 (1492 turns).

kidcy the Poker (Merfolk Berserker)                 Turns: 1492, Time: 00:03:11

Health: -3/55      AC: 22    Str: 16 (18) XL:     4   Next: 62%
Magic:  4/4        EV:  2    Int:  4 (6)  God:    Trog [**....]
Gold:   164        SH:  0    Dex: 11 (13) Spells: 3/3 levels left

rFire    . . .     SeeInvis .   a - +0 spear
rCold    . . .     Gourm    .   (no shield)
rNeg     + + +     Faith    .   (armour currently unavailable)
rPois    +         Spirit   .   (helmet currently unavailable)
rElec    .         Reflect  .   (cloak currently unavailable)
rCorr    .         Harm     .   (gloves currently unavailable)
MR       .....     NoTele   +   (boots currently unavailable)
Stlth    +.........             (no amulet)
HPRegen  0.18/turn              (no ring)
MPRegen  0.09/turn              (no ring)

@: tree-form, berserk cooldown, slowed, very slow
A: (change form in water), (swift swim), (stealthy swim)
a: Berserk, Trog's Hand, Renounce Religion


You were on level 3 of the Dungeon.
You worshipped Trog.
Trog was pleased with you.
You were not hungry.
You were a tree.
You visited 1 branch of the dungeon, and saw 3 of its levels.

You collected 164 gold pieces.

Inventory:

Hand Weapons
 a - a +0 spear (weapon)
 r - a +0 halberd
Armour
 b - a +0 animal skin
 f - a +0 plate armour (melded)
Jewellery
 m - an uncursed amulet of the acrobat {unknown}
Scrolls
 d - a scroll of magic mapping {unknown}
 g - a scroll of remove curse {unknown}
 h - a scroll of immolation {unknown}
 i - a scroll of noise {unknown}
 k - a scroll of fear {unknown}
 n - 2 scrolls of identify {unknown}
 o - 4 scrolls of teleportation {unknown}
 q - a scroll of enchant weapon {unknown}
Potions
 j - a potion of lignification
 l - 2 potions of flight
Comestibles
 c - 3 rations
 s - 2 chunks of flesh


   Skills:
 + Level 4.0 Fighting
 * Level 6.3 Polearms
 - Level 1.3 Armour
 + Level 3.8 Dodging


You had 3 spell levels left.
You didn't know any spells.
Your spell library was empty.

Dungeon Overview and Level Annotations

Branches:
Dungeon (3/15)

Altars:


Message History

* * * LOW HITPOINT WARNING * * *
The gnoll hits you but does no damage. The bat hits you but does no damage.
The gnoll hits you but does no damage.
It was a potion of degeneration.
There was something very wrong with that liquid.
You feel weakened.
You feel dopey.
You feel clumsy.
The bat hits you but does no damage. x2; The gnoll hits you but does no damage.
The frilled lizard bites you but does no damage.
The gnoll hits you with a +0 club.
* * * LOW HITPOINT WARNING * * *
The gnoll hits you but does no damage.
The frilled lizard bites you but does no damage.
The gnoll hits you but does no damage.
You hit the gnoll.
The gnoll is heavily wounded.
The bat hits you but does no damage. The gnoll hits you with a +0 club.
* * * LOW HITPOINT WARNING * * *
The frilled lizard bites you but does no damage.
The gnoll hits you from afar with a +0 halberd!
You die...

.#...#.!.# .#
..#...#.####
..#...#......
.#...#...#..# #.#
.#...#...#...# #.#
...#...#.†.#.# #.#.####
#...#...#...# #.#...<.
#...#.g.#.# #.#####.
..#l♣g#.†#####.#####)
#...#.g.)÷†....##....
#...#...b.)÷#.......##)
...#...........##.##.#..
.#..#######.<#.#...#....
.. #........(.#..
#.##.#........
#...[##.#.....
#.#..........#


You could see 3 gnolls, a bat and a frilled lizard.

Vanquished Creatures
  2 adders
  4 gnolls (D:3)
  2 giant cockroaches
  5 goblins
  5 hobgoblins
  A quokka (D:3)
  4 bats
  2 frilled lizards
  7 kobolds
  7 rats
39 creatures vanquished.

Notes
Turn   | Place    | Note
-------+----------+-------------------------------------------
     0 | D:1      | kidcy the Merfolk Berserker began the quest for the Orb.
     0 | D:1      | Reached XP level 1. HP: 18/18 MP: 1/1
   440 | D:1      | Reached XP level 2. HP: 24/24 MP: 2/2
   702 | D:2      | Reached skill level 5 in Polearms
   952 | D:2      | Reached XP level 3. HP: 29/29 MP: 3/3
  1217 | D:3      | Reached ** piety under Trog
  1419 | D:3      | Reached XP level 4. HP: 37/37 MP: 4/4
  1424 | D:3      | Reached skill level 6 in Polearms
  1492 | D:3      | Slain by a gnoll

Vault maps used:
D:1:      dpeg_arrival_arbitrary_c
D:3:      hangedman_decor_clover_reticule, hex_large, patterned_corridor

Skill      XL: |  1  2  3  4 |
---------------+-------------+-----
Dodging        | 3 |  3.8
Polearms       | 5 6 |  6.3
Fighting       | 4 |  4.0
Armour         | |  1.3

Action                   |  1- 3 |  4- 6 || total
-------------------------+-------+-------++-------
Melee: Spear             |   117 |    15 ||   132
Invok: Berserk           |     3 |     1 ||     4
  Use: Potion            |       |     4 ||     4
 Stab: Sleeping          |     1 |       ||     1
  Eat: Chunk             |     4 |     1 ||     5
Armor: Plate armour      |    56 |    20 ||    76
       Animal skin       |     2 |       ||     2
       Skin              |       |    20 ||    20
Dodge: Dodged            |    37 |     9 ||    46

Table legend:
 A = Non-vault XP
 B = Vault XP
 C = Vault XP percentage of total XP
 D = Non-vault monster count
 E = Vault monster count
 F = Vault count percentage of total count
                 A         B        C        D         E       F
            +---------+---------+-------+---------+---------+-------
      Total |     134 |       0 |   0.0 |      39 |       0 |   0.0
            +---------+---------+-------+---------+---------+-------
        D:1 |      14 |       0 |   0.0 |      10 |       0 |   0.0
        D:2 |      32 |       0 |   0.0 |      13 |       0 |   0.0
        D:3 |      88 |       0 |   0.0 |      16 |       0 |   0.0
            +---------+---------+-------+---------+---------+-------
